 Dungeon Crawl Stone Soup version 0.24.0-37-gcf1ca852f1 (webtiles) character file.

Game seed: 8278878842073300501, levelgen mode: deterministic

1990 Iamsoldier the Magician (level 9, -1/69 HPs)
             Began as a Gnoll Skald on Dec 5, 2019.
             Was an Initiate of Makhleb.
             Slain by a yak (7 damage)
             ... on level 7 of the Dungeon.
             The game lasted 00:14:52 (7375 turns).

Iamsoldier the Magician (Gnoll Skald)               Turns: 7375, Time: 00:14:52

Health: -1/69      AC:  7    Str: 15    XL:     9   Next: 21%
Magic:  0/18       EV: 15    Int: 20    God:    Makhleb [......]
Gold:   321        SH:  0    Dex: 15    Spells: 10/20 levels left

rFire    . . .     SeeInvis .   a - +0 trident
rCold    . . .     Gourm    .   (no shield)
rNeg     . . .     Faith    .   b - +0 leather armour
rPois    .         Spirit   +   E - +1 helmet
rElec    .         Reflect  .   t - scarf {Spirit}
rCorr    .         Harm     .   i - +0 pair of gloves
MR       .....                  (no boots)
Stlth    ++........             (no amulet)
HPRegen  0.21/turn              q - ring of flight
MPRegen  0.16/turn              h - +3 ring of intelligence

@: no status effects
A: distributed training, fangs 1, strong nose
a: Renounce Religion, Evoke Flight


You were on level 7 of the Dungeon.
You worshipped Makhleb.
Makhleb was noncommittal.
You were not hungry.

You visited 2 branches of the dungeon, and saw 8 of its levels.

You collected 321 gold pieces.

Inventory:

Hand Weapons
 a - a +0 trident (weapon)
Armour
 b - a +0 leather armour (worn)
 i - a +0 pair of gloves (worn)
 p - a +2 ring mail of fire resistance
 t - a scarf of spirit shield (worn)
 A - +0 storm dragon scales
 E - a +1 helmet (worn)
Jewellery
 h - a +3 ring of intelligence (right hand)
 q - a ring of flight (left hand)
Wands
 u - a wand of iceblast (10)
 x - a wand of polymorph (7)
 y - a wand of digging (7)
 C - a wand of flame (29)
Scrolls
 c - 6 scrolls of identify
 e - a scroll of remove curse
 g - 4 scrolls of fear
 k - 2 scrolls of blinking {unknown}
 m - 5 scrolls of enchant weapon
 s - a scroll of random uselessness {unknown}
 v - a scroll of enchant armour {unknown}
 w - a scroll of fog
 z - a scroll of teleportation {unknown}
 D - a scroll of magic mapping {unknown}
 F - a scroll of amnesia {unknown}
 G - a scroll of immolation {unknown}
 I - a scroll of vulnerability {unknown}
Potions
 f - 2 potions of cancellation {unknown}
 j - a potion of magic {unknown}
 l - 3 potions of brilliance {unknown}
 n - a potion of degeneration {unknown}
 o - a potion of heal wounds {unknown}
 r - 3 potions of curing
 B - a potion of might {unknown}
Comestibles
 d - 15 rations
 H - 8 chunks of flesh


   Skills:
 + Level 6.1 Fighting
 + Level 3.9 Short Blades
 + Level 3.9 Long Blades
 + Level 3.9 Axes
 + Level 3.9 Maces & Flails
 + Level 6.1 Polearms
 + Level 3.9 Staves
 + Level 3.9 Slings
 + Level 3.9 Bows
 + Level 3.9 Crossbows
 + Level 3.9 Throwing
 + Level 4.8 Armour
 + Level 6.1 Dodging
 + Level 3.9 Stealth
 + Level 3.9 Shields
 + Level 3.9 Unarmed Combat
 + Level 6.4 Spellcasting
 + Level 3.2 Conjurations
 + Level 3.2 Hexes
 + Level 6.4 Charms
 + Level 3.2 Summonings
 + Level 3.2 Necromancy
 + Level 3.2 Translocations
 + Level 3.2 Transmutations
 + Level 3.2 Fire Magic
 + Level 3.2 Ice Magic
 + Level 3.2 Air Magic
 + Level 3.2 Earth Magic
 + Level 3.2 Poison Magic
 + Level 4.3 Invocations
 + Level 3.9 Evocations


You had 10 spell levels left.
You knew the following spells:

 Your Spells              Type           Power        Failure   Level  Hunger
a - Infusion              Chrm           ####         1%          1    None
b - Shroud of Golubria    Chrm/Tloc      ####..       2%          2    None
c - Spectral Weapon       Hex/Chrm       ####....     4%          3    ##.....
d - Regeneration          Chrm/Necr      ####......   4%          3    ##.....
e - Animate Skeleton      Necr           N/A          3%          1    None

Your spell library contained the following spells:

 Spells                   Type           Power        Failure   Level  Hunger
 Song of Slaying          Chrm           ####....     1%          2    None
 Apportation              Tloc           ###...       3%          1    None
 Confusing Touch          Hex            ###...       3%          1    None
 Summon Small Mammal      Summ           ###.         3%          1    None


Dungeon Overview and Level Annotations

Branches:
Dungeon (7/15)             Temple (1/1) D:5

Altars:
Ashenzari
Cheibriados
Dithmenos
Elyvilon
Fedhas
Gozag
Hepliaklqana
Kikubaaqudgha
Makhleb
Nemelex Xobeh
Okawaru
Qazlal
Ru
Sif Muna
Trog
Uskayaw
Vehumet
Wu Jian
Xom
Yredelemnul
Zin
The Shining One

Shops:
D:4 [   D:7 *


Innate Abilities, Weirdness & Mutations

Your experience applies equally to all skills.
You have very sharp teeth.
Your uncanny sense of smell can sniff out nearby items.


Message History

You hit the yak but do no damage.
The yak is lightly wounded.
Your spectral weapon hits the yak.
The yak gores you!
Your shroud falls apart!
You puncture the yak!
The yak is heavily wounded.
Your spectral weapon barely misses the yak.
You hit the yak. Your bite misses the yak.
The yak is lightly wounded.
Your spectral weapon hits the yak.
The yak gores you!
* * * LOW HITPOINT WARNING * * *
The yak misses you.
You hit the yak. Your bite misses the yak.
The yak is moderately wounded.
Your spectral weapon barely misses the yak.
The yak gores you!
* * * LOW HITPOINT WARNING * * *
The yak gores you but does no damage.
You swap places.
The yak misses your spectral weapon. The yak gores you!
You die...

.##)#...#####..(..# ##.##
.##.#...# ##.(..######...####
###.#...######(................#
..................######...##.##
######..######.#.########.## #
#..# #.#.#.....##.# ##.#
#.#.#.....##.# #.#
#.#.###'###..# #.# #.#@#....$#
.. #.# #..(Y...%%# #.#
##..Y####### # #.####....>.
#######...#......##
.................#
.................#
########.........# # ##.#.....##


You could see 2 yaks and a friendly spectral +0 trident.

Vanquished Creatures
  A hippogriff (D:6)
  A human (D:7)
  The ghost of ThereIsNoGod the Poker, an amateur GnWn (D:3)
  2 hogs (D:7)
  A water moccasin (D:6)
  2 ice beasts (D:5)
  2 bullfrogs
  2 scorpions
  3 crimson imps
  A jelly (D:6)
  A quasit (D:6)
  An orc wizard (D:4)
  An orc priest (D:4)
  Ijyb (D:5)
  3 iguanas
  Natasha (thrice) (D:3)
  3 worker ants
  7 gnolls
  A howler monkey skeleton (D:6)
  8 adders
  An ooze (D:1)
  An adder zombie (D:5)
  A worm (D:2)
  3 dart slugs
  6 leopard geckos
  9 orcs
  4 giant cockroaches
  3 goblins
  7 hobgoblins
  6 jackals
  6 quokkas
  2 ball pythons (D:3)
  6 bats
  8 frilled lizards
  8 kobolds
  A leopard gecko skeleton (D:6)
  8 rats
125 creatures vanquished.

Vanquished Creatures (others)
  2 spectral weapons
2 creatures vanquished.

Grand Total: 127 creatures vanquished

Notes
Turn   | Place    | Note
-------+----------+-------------------------------------------
     0 | D:1      | Iamsoldier the Gnoll Skald began the quest for the Orb.
     0 | D:1      | Reached XP level 1. HP: 20/20 MP: 6/6
    25 | D:1      | Reached XP level 2. HP: 26/26 MP: 0/7
   826 | D:1      | Learned a level 2 spell: Shroud of Golubria
   845 | D:1      | Reached XP level 3. HP: 24/31 MP: 1/9
   975 | D:1      | Reached skill level 5 in Spellcasting
   997 | D:1      | Learned a level 3 spell: Spectral Weapon
  1001 | D:1      | Learned a level 3 spell: Regeneration
  1267 | D:2      | Reached skill level 1 in Short Blades
  1267 | D:2      | Reached skill level 1 in Long Blades
  1267 | D:2      | Reached skill level 1 in Axes
  1267 | D:2      | Reached skill level 1 in Maces & Flails
  1267 | D:2      | Reached skill level 1 in Staves
  1267 | D:2      | Reached skill level 1 in Slings
  1267 | D:2      | Reached skill level 1 in Bows
  1267 | D:2      | Reached skill level 1 in Crossbows
  1267 | D:2      | Reached skill level 1 in Throwing
  1267 | D:2      | Reached skill level 1 in Stealth
  1267 | D:2      | Reached skill level 1 in Shields
  1267 | D:2      | Reached skill level 1 in Unarmed Combat
  1267 | D:2      | Reached skill level 1 in Invocations
  1267 | D:2      | Reached skill level 1 in Evocations
  1267 | D:2      | Reached XP level 4. HP: 38/38 MP: 4/11
  1493 | D:2      | Reached skill level 1 in Conjurations
  1493 | D:2      | Reached skill level 1 in Hexes
  1493 | D:2      | Reached skill level 1 in Summonings
  1493 | D:2      | Reached skill level 1 in Necromancy
  1493 | D:2      | Reached skill level 1 in Translocations
  1493 | D:2      | Reached skill level 1 in Transmutations
  1493 | D:2      | Reached skill level 1 in Fire Magic
  1493 | D:2      | Reached skill level 1 in Ice Magic
  1493 | D:2      | Reached skill level 1 in Air Magic
  1493 | D:2      | Reached skill level 1 in Earth Magic
  1493 | D:2      | Reached skill level 1 in Poison Magic
  1751 | D:2      | Reached XP level 5. HP: 43/43 MP: 9/12
  2552 | D:3      | Found a glowing golden altar of the Shining One.
  2554 | D:3      | Found a sparkling altar of Nemelex Xobeh.
  2602 | D:3      | Found a runed translucent gate.
  2602 | D:3      | Found a runed translucent gate.
  2602 | D:3      | Found a runed translucent gate.
  2617 | D:3      | Noticed ThereIsNoGod's ghost (amateur GnWn)
  2666 | D:3      | Noticed Natasha
  2672 | D:3      | Killed Natasha
  2761 | D:3      | Killed ThereIsNoGod's ghost
  2761 | D:3      | Reached skill level 5 in Fighting
  2761 | D:3      | Reached skill level 5 in Polearms
  2761 | D:3      | Reached skill level 5 in Dodging
  2761 | D:3      | Reached XP level 6. HP: 6/51 MP: 1/14
  3103 | D:3      | Found a shimmering altar of Xom.
  3105 | D:3      | Found an ornate altar of the Wu Jian Council.
  3249 | D:3      | Noticed Natasha
  3256 | D:3      | Killed Natasha
  3293 | D:3      | Noticed Natasha
  3302 | D:3      | Killed Natasha
  3683 | D:4      | Found Duraix's Armour Emporium.
  3708 | D:4      | Reached XP level 7. HP: 34/56 MP: 0/15
  4141 | D:4      | Learned a level 1 spell: Animate Skeleton
  5041 | D:5      | Entered Level 5 of the Dungeon
  5175 | D:5      | Found a staircase to the Ecumenical Temple.
  5191 | Temple   | Entered the Ecumenical Temple
  5198 | Temple   | Became a worshipper of Makhleb the Destroyer
  5268 | D:5      | Noticed Ijyb
  5276 | D:5      | Killed Ijyb
  5499 | D:5      | Reached XP level 8. HP: 63/63 MP: 12/16
  6111 | D:6      | Noticed a hippogriff
  6128 | D:6      | Killed a hippogriff
  7150 | D:7      | Found Oqesch's Elemental Accessories.
  7348 | D:7      | Noticed a yak
  7348 | D:7      | Noticed a yak
  7361 | D:7      | Reached XP level 9. HP: 56/69 MP: 4/18
  7375 | D:7      | Slain by a yak

Levels and vault maps discovered:
D:1:      mainiacjoe_arrival_reflecting_pool, layout_rooms
D:2:      layout_basic, hex_medium
D:3:      layout_basic, nicolae_overflow_hidden_temple, serial_curves,
          eino_curves_02, eino_curves_03, gammafunk_ghost_split, first_ration,
          chequers_big_river, minmay_splitting_lines,
          chequers_serial_rivers_room_b, uniq_natasha
D:4:      layout_basic, serial_shops, nicolae_shop_waterfront,
          kennysheep_generic_room_7
D:5:      layout_loops_cross, minmay_temple_entry_hall, patterned_corridor,
          uniq_ijyb
D:6:      layout_loops_ring, kennysheep_generic_room_16
D:7:      layout_loops_ring, grunt_livestock, nicolae_elemental_shop,
          uniq_joseph
Temple:   nicolae_temple_no_exploring_needed

Skill      XL: |  1  2  3  4  5  6  7  8 |
---------------+-------------------------+-----
Spellcasting   | 5 6 |  6.4
Short Blades   | 1 2 3 |  3.9
Long Blades    | 1 2 3 |  3.9
Axes           | 1 2 3 |  3.9
Maces & Flails | 1 2 3 |  3.9
Staves         | 1 2 3 |  3.9
Slings         | 1 2 3 |  3.9
Bows           | 1 2 3 |  3.9
Crossbows      | 1 2 3 |  3.9
Throwing       | 1 2 3 |  3.9
Stealth        | 1 2 3 |  3.9
Shields        | 1 2 3 |  3.9
Unarmed Combat | 1 2 3 |  3.9
Invocations    | 1 2 3 4 |  4.3
Evocations     | 1 2 3 |  3.9
Conjurations   | 1 2 3 |  3.2
Hexes          | 1 2 3 |  3.2
Summonings     | 1 2 3 |  3.2
Necromancy     | 1 2 3 |  3.2
Translocations | 1 2 3 |  3.2
Transmutations | 1 2 3 |  3.2
Fire Magic     | 1 2 3 |  3.2
Ice Magic      | 1 2 3 |  3.2
Air Magic      | 1 2 3 |  3.2
Earth Magic    | 1 2 3 |  3.2
Poison Magic   | 1 2 3 |  3.2
Armour         | 3 4 |  4.8
Fighting       | 5 6 |  6.1
Polearms       | 5 6 |  6.1
Dodging        | 5 6 |  6.1
Charms         | 6 |  6.4

Action                   |  1- 3 |  4- 6 |  7- 9 || total
-------------------------+-------+-------+-------++-------
Melee: Spear             |    77 |   135 |   181 ||   393
       Bite              |     8 |    13 |    15 ||    36
       Punch             |     1 |       |       ||     1
       Trident           |       |       |    40 ||    40
 Cast: Infusion          |     7 |    14 |     1 ||    22
       Shroud of Golubri |       |     5 |    20 ||    25
       Spectral Weapon   |       |     5 |    20 ||    25
       Regeneration      |       |     1 |     5 ||     6
Evoke: Wand              |       |     2 |       ||     2
  Use: Scroll            |       |       |     5 ||     5
 Stab: Sleeping          |     1 |     4 |     5 ||    10
       Distracted        |       |       |     1 ||     1
  Eat: Chunk             |     1 |     6 |     8 ||    15
       Ration            |       |     1 |     1 ||     2
Armor: Leather armour    |    12 |    15 |    36 ||    63
Dodge: Dodged            |    41 |    69 |   134 ||   244
